 Dungeon Crawl Stone Soup version 0.31.0-9-g3a7656b989 (webtiles) character file.

Game seed: 18161174462707325212

36 qw the Shooter (level 3, 0/29 HPs)
             Began as a Demigod Hunter on Feb 2, 2024.
             Succumbed to an adder's poison
             ... on level 2 of the Dungeon.
             The game lasted 00:00:02 (917 turns).

qw the Shooter (Demigod Hunter)                      Turns: 917, Time: 00:00:03

Health: 0/29       AC:  5    Str: 12    XL:     3   Next: 5%
Magic:  5/5        EV:  8    Int: 11    God:
Gold:   77         SH:  0    Dex: 21    Spells: 2/2 levels left

rFire   . . .        a - +0 shortbow
rCold   . . .        (shield currently unavailable)
rNeg    . . .        k - +0 ring mail
rPois   .            (no helmet)
rElec   .            (no cloak)
rCorr   .            (no gloves)
SInv    .            (no boots)
Will    .....        (no amulet)
Stlth   +            (no ring)
HPRegen 0.24/turn    (no ring)
MPRegen 0.09/turn

%: no passive effects
@: lethally poisoned (0 -> -3), constricted
A: high MP 1, forlorn, divine attributes
a: no special abilities


You were on level 2 of the Dungeon.
You visited 1 branch of the dungeon, and saw 2 of its levels.

You collected 77 gold pieces.


Innate Abilities, Weirdness & Mutations

You have an increased reservoir of magic. (+10% MP)
You shall have no god before yourself.
Your divine heritage dramatically boosts your attributes as you level up.


   Skills:
 - Level 2.0 Fighting
 + Level 4.5 Ranged Weapons
 - Level 1.7 Dodging
 - Level 0.8 Stealth


You had 2 spell levels left.
You didn't know any spells.
Your spell library was empty.

Inventory:

Hand Weapons
 a - a +0 shortbow (weapon)
Armour
 k - a +0 ring mail (worn)
Potions
 g - a potion of brilliance {unknown}
 h - a potion of enlightenment
 j - a potion of ambrosia {unknown}

Dungeon Overview and Level Annotations

Branches:
Dungeon (2/15)

Annotations:
D:2 Terence


Message History

The ball python closely misses you. The ball python constricts you.
The adder bites you.
You are more poisoned.
The adder poisons you!
You shoot an arrow.
The arrow hits the ball python but does no damage.
You feel very sick. The ball python bites you. The ball python constricts you.
The adder bites you but does no damage.
The ball python bites you but does no damage.
The ball python constricts you.
A rat comes into view.
Terence bares his teeth.
Terence zaps a wand.
You turn into an insubstantial wisp.
Your +0 shortbow melds into your body.
Your +0 ring mail melds into your body.
The ball python loses its grip on you. The adder barely misses you.
914 ||| DRINKING potion of cancellation.
Your magical effects are unravelling.
You feel magically purged.
You condense into your normal self.
Your +0 shortbow unmelds from your body.
Your +0 ring mail unmelds from your body.
You feel sick. The ball python closely misses you.
The ball python barely misses you. Terence barely misses you.
The adder bites you but does no damage.
You shoot an arrow. The arrow closely misses Terence.
The rat squeaks loudly.
You feel sick.
The ball python barely misses you. x2; The adder bites you.
Terence closely misses you. The ball python closely misses you.
The ball python grabs you. The ball python constricts you. The adder bites you.
You shoot an arrow.
The arrow closely misses the ball python.
You feel sick. Terence hits you with a +0 short sword.
The ball python bites you but does no damage.
The ball python constricts you. The adder bites you but does no damage.
Terence hits you with a +0 short sword. The ball python bites you.
The ball python constricts you. The adder barely misses you.
You shoot an arrow. The arrow hits the ball python.
The ball python is severely wounded.
You die...

........####....
####.....# ....
.........# ..
####....## #.....#
#<<...#
###########.....#
...(.......:.......
#....S@.###.##..##
#....@S.# ..# .##
#[.!....# ### .#
#..r....# #.......#
..........
.#........
#........#


You could see Terence, an adder, a ball python and a rat.

Vanquished Creatures
  An adder (D:2)
  A ribbon worm (D:2)
  A ball python (D:1)
  3 endoplasms
  2 goblins (D:1)
  2 hobgoblins (D:1)
  4 jackals (D:1)
  A kobold (D:1)
  2 quokkas (D:1)
  4 bats (D:1)
  A rat (D:1)
22 creatures vanquished.

Notes
Turn   | Place    | Note
-------+----------+-------------------------------------------
     0 | D:1      | qw the Demigod Hunter began the quest for the Orb.
     0 | D:1      | Reached XP level 1. HP: 17/17 MP: 3/3
     0 | D:1      | 0 ||| qw: Version: 0.3-a-155-g5e7d8dd
     0 | D:1      | 0 ||| qw: Game counter: 386
     0 | D:1      | 0 ||| qw: Melee chars always use a shield: true
     0 | D:1      | 0 ||| qw: God list: Okawaru
     0 | D:1      | 0 ||| qw: Allow faded altars: false
     0 | D:1      | 0 ||| qw: Do Orc after clearing Dungeon:15 true
     0 | D:1      | 0 ||| qw: Do second Lair branch before Depths: true
     0 | D:1      | 0 ||| qw: Lair rune preference: random
     0 | D:1      | 0 ||| qw: Goals: Normal
     0 | D:1      | 0 ||| PLANNING D:1-11
   201 | D:1      | Reached skill level 4 in Ranged Weapons
   332 | D:1      | Reached XP level 2. HP: 24/24 MP: 4/4
   814 | D:1      | 814 ||| UPGRADING to +0 ring mail.
   824 | D:1      | 824 ||| DROPPING +0 leather armour.
   825 | D:1      | 825 ||| READING scroll labelled FOANGE ILOENIY.
   826 | D:1      | 826 ||| READING scroll labelled ERGHIU POEPRONAU.
   827 | D:1      | 827 ||| READING scroll labelled YREAHY GOEXT.
   827 | D:1      | 827 ||| IDENTIFYING yellow potion
   828 | D:1      | 828 ||| DRINKING 2 smoky orange potions.
   829 | D:1      | 829 ||| DROPPING scroll of butterflies.
   895 | D:2      | Reached XP level 3. HP: 29/29 MP: 5/5
   908 | D:2      | Noticed Terence
   914 | D:2      | 914 ||| DRINKING potion of cancellation.
   916 | D:2      | HP: 7/29 [poisoned by an adder]
   916 | D:2      | HP: 2/29 [Terence/+0 short sword (2)]
   917 | D:2      | Succumbed to an adder's poison

Levels and vault maps discovered:
D:1:      wander_arrival_peaceful_grave, layout_basic
D:2:      layout_rooms, uniq_terence, uniq_natasha

Skill      XL: |  1 |
---------------+----+-----
Ranged Weapons | 4 |  4.5
Fighting       | 2 |  2.0
Dodging        | |  1.7
Stealth        | |  0.8

Action                     || total
---------------------------++-------
   Fire: Shortbow          ||    83
    Use: Scroll            ||     3
         Potion            ||     2
 Armour: Leather armour    ||    13
         Ring mail         ||    15
  Dodge: Dodged            ||    38

Table legend:
 A = Non-vault XP
 B = Vault XP
 C = Vault XP percentage of total XP
 D = Non-vault monster count
 E = Vault monster count
 F = Vault count percentage of total count
                 A         B        C        D         E       F
            +---------+---------+-------+---------+---------+-------
      Total |      52 |       0 |   0.0 |      22 |       0 |   0.0
            +---------+---------+-------+---------+---------+-------
        D:1 |      33 |       0 |   0.0 |      19 |       0 |   0.0
        D:2 |      19 |       0 |   0.0 |       3 |       0 |   0.0
            +---------+---------+-------+---------+---------+-------
